[Event "Titled Tuesday Blitz April 11 Early 2023"]
[White "Novikov, Evgenij"]
[Black "Jaracz, Pawel"]
[WhiteFideId "4125380"]
[BlackFideId "1102222"]
[WhiteElo "2242"]
[BlackElo "2438"]
[Result "0-1"]
[Round "05"]
[TimeControl "180+2"]
[Date "2023.04.11"]
[WhiteClock "0:00:02"]
[BlackClock "0:00:12"]

1. d4 g6 2. g3 Bg7 3. Bg2 c5 4. Nf3 cxd4 5. Nxd4 Nc6 6. Nxc6 bxc6 7. O-O Ba6 8. Nd2 Nf6 9. Rb1 O-O 10. b3 d5 11. Bb2 Qa5 12. a3 Rfd8 13. Re1 c5 14. e3 Rac8 15. b4 Qa4 16. c3 Qe8 17. Qb3 Bd3 18. Rbc1 c4 19. Qd1 e5 20. a4 e4 21. Nf1 h5 22. h3 Bh6 23. Ra1 a6 24. Ba3 h4 25. g4 Nh7 26. b5 axb5 27. axb5 Qxb5 28. Be7 Bg5 29. Bxd8 Rxd8 30. f3 Bf6 31. Qd2 exf3 32. Bxf3 Ng5 33. Bg2 Qb3 34. Rac1 Kg7 35. Nh2 Ne4 36. Bxe4 dxe4 37. Qf2 Bxc3 38. g5 Be5 39. Ng4 Qb2 40. Qxh4 Rh8 41. Qf2 Rxh3 42. Qxb2 Bxb2 43. Nf2 Rg3+ 44. Kh2 Rf3 45. Kg2 Bxc1 46. Rxc1 Rxe3 47. Ng4 Re2+ 48. Kg3 Rb2 49. Nf6 Kf8 50. Ra1 Ke7 51. Kf4 c3 52. Ra7+ Kd6 53. Rd7+ Kc6 54. Ke5 c2 55. Rd8 Kc7 56. Rd7+ Kc8 57. Kd6 Rb6+ 0-1


[Site "https://www.chess.com"]

[Event "Titled Tuesday Blitz April 11 Early 2023"]
[White "Korchmar, Vasiliy"]
[Black "Goffredo_Fofi"]
[WhiteFideId "24131750"]
[WhiteElo "2370"]
[BlackElo "2511"]
[Result "1-0"]
[Round "05"]
[TimeControl "180+2"]
[Date "2023.04.11"]
[WhiteClock "0:01:04"]
[BlackClock "0:00:11"]

1. e4 Nf6 2. Nf3 Nxe4 3. b4 d5 4. Bb2 Bf5 5. h3 e6 6. g4 Bg6 7. Bg2 h5 8. Ne5 Qf6 9. O-O hxg4 10. Nxg6 Qxg6 11. Qxg4 Qxg4 12. hxg4 Bxb4 13. Bxg7 Rg8 14. Be5 Nxd2 15. Nxd2 Bxd2 16. c4 Nd7 17. Bg3 c6 18. Rab1 O-O-O 19. cxd5 exd5 20. Rfd1 Ba5 21. Bxd5 Rxg4 22. Bxf7 Bc7 23. Be6 Rg6 24. Rxd7 Rxd7 25. Bxd7+ 1-0


[Site "https://www.chess.com"]

[Event "Titled Tuesday Blitz April 11 Early 2023"]
[White "Mammadzada, Gunay"]
[Black "Pakleza, Zbigniew"]
[WhiteFideId "13403729"]
[BlackFideId "1119290"]
[WhiteElo "2396"]
[BlackElo "2410"]
[Result "0-1"]
[Round "05"]
[TimeControl "180+2"]
[Date "2023.04.11"]
[WhiteClock "0:00:02"]
[BlackClock "0:00:03"]

1. e4 d6 2. d4 Nf6 3. Nc3 c6 4. f4 Qb6 5. Nf3 Bg4 6. a3 e5 7. Be3 Bxf3 8. gxf3 Nbd7 9. Bc4 Nh5 10. fxe5 dxe5 11. Qd2 Qc7 12. O-O-O exd4 13. Bxd4 Bc5 14. Kb1 Bxd4 15. Qxd4 Ne5 16. Be2 O-O 17. Qe3 Ng6 18. Qg5 Qe5 19. Qg4 Nhf4 20. Bc4 b5 21. Bb3 a5 22. h4 h5 23. Qd7 b4 24. axb4 axb4 25. Na4 c5 26. Rhg1 Ra6 27. Qb5 Rfa8 28. Rd7 Ne2 29. Re1 Nd4 30. Bxf7+ Kh7 31. Qxc5 Qxc5 32. Nxc5 Ra1# 0-1


[Site "https://www.chess.com"]

[Event "Titled Tuesday Blitz April 11 Early 2023"]
[White "Garcia Pantoja, Roberto"]
[Black "Ginzburg, Yakov"]
[WhiteFideId "3509265"]
[BlackFideId "4157176"]
[WhiteElo "2542"]
[BlackElo "2305"]
[Result "0-1"]
[Round "05"]
[TimeControl "180+2"]
[Date "2023.04.11"]
[WhiteClock "0:00:01"]
[BlackClock "0:00:24"]

1. e4 c5 2. Nf3 e6 3. d4 cxd4 4. Nxd4 Nf6 5. Nc3 Nc6 6. Ndb5 Bb4 7. a3 Bxc3+ 8. Nxc3 d5 9. exd5 exd5 10. Bd3 O-O 11. O-O d4 12. Ne2 h6 13. Ng3 Bg4 14. f3 Be6 15. Re1 Qd5 16. Bf4 Rad8 17. b4 a6 18. Ne4 Nh5 19. Bd2 Ne5 20. g4 f5 21. gxh5 Nxd3 22. cxd3 fxe4 23. fxe4 Qe5 24. Qe2 Bh3 25. Rac1 b6 26. Rc6 Rd5 27. Rg6 Qxh5 28. Qxh5 Rxh5 29. Rg3 g5 30. e5 g4 31. e6 Re5 32. Rxh3 Rxe1+ 33. Bxe1 gxh3 34. Bh4 Rf3 35. e7 Kf7 36. a4 b5 37. axb5 axb5 0-1


[Site "https://www.chess.com"]

[Event "Titled Tuesday Blitz April 11 Early 2023"]
[White "Aldokhin, Ivan"]
[Black "Gogolev, Artem"]
[WhiteFideId "24115720"]
[BlackFideId "4116615"]
[WhiteElo "2322"]
[BlackElo "2182"]
[Result "1-0"]
[Round "05"]
[TimeControl "180+2"]
[Date "2023.04.11"]
[WhiteClock "0:01:23"]
[BlackClock "0:01:13"]

1. e4 c6 2. Nc3 d5 3. d4 dxe4 4. Nxe4 Nf6 5. Nxf6+ exf6 6. c3 Bd6 7. Bd3 O-O 8. Ne2 Re8 9. Qc2 h5 10. O-O Nd7 11. Ng3 Bxg3 12. hxg3 Nf8 13. Bd2 g6 14. Rfe1 Rxe1+ 15. Rxe1 f5 16. Bf4 Be6 17. b3 a5 18. Bf1 a4 19. Rd1 axb3 20. axb3 Bd5 21. c4 Be4 22. Qc3 Ne6 23. f3 Nxf4 24. gxf4 1-0


[Site "https://www.chess.com"]

[Event "Titled Tuesday Blitz April 11 Early 2023"]
[White "Dzagnidze, Nana"]
[Black "Shapiro, Viktor"]
[WhiteFideId "13601903"]
[BlackFideId "4175700"]
[WhiteElo "2406"]
[BlackElo "2152"]
[Result "1-0"]
[Round "05"]
[TimeControl "180+2"]
[Date "2023.04.11"]
[WhiteClock "0:01:05"]
[BlackClock "0:00:18"]

1. c4 Nf6 2. Nc3 c5 3. g3 Nc6 4. Bg2 d6 5. e3 e6 6. Nge2 Be7 7. O-O O-O 8. d4 Bd7 9. b3 a6 10. Bb2 Rc8 11. d5 Na5 12. dxe6 fxe6 13. Nf4 Re8 14. Qe2 Bf8 15. Rfd1 Qc7 16. Ne4 Nxe4 17. Bxe4 Bc6 18. Bc2 Qf7 19. Qd3 Qf5 20. Qxf5 exf5 21. Bxf5 Rcd8 22. Bc3 b6 23. Ne6 Rb8 24. Nxf8 Rxf8 25. Be6+ Kh8 26. Rxd6 Bf3 27. Rd7 Rb7 28. Bxg7# 1-0


[Site "https://www.chess.com"]

[Event "Titled Tuesday Blitz April 11 Early 2023"]
[White "Nguyen, Hong Anh"]
[Black "Petrov, Martin"]
[WhiteFideId "12406732"]
[BlackFideId "2911086"]
[WhiteElo "2054"]
[BlackElo "2430"]
[Result "0-1"]
[Round "05"]
[TimeControl "180+2"]
[Date "2023.04.11"]
[WhiteClock "0:00:08"]
[BlackClock "0:00:08"]

1. d4 d5 2. c4 e6 3. Nf3 dxc4 4. g3 Nf6 5. Bg2 a6 6. O-O Be7 7. Ne5 O-O 8. Nxc4 Nc6 9. e3 Bd7 10. Nc3 Rb8 11. Ne5 Be8 12. Nxc6 Bxc6 13. e4 b5 14. a3 a5 15. Qc2 Qxd4 16. e5 Nd5 17. Rd1 Qc4 18. Bd2 b4 19. Nxd5 Bxd5 20. Qxc4 Bxc4 21. Rdc1 Bd3 22. Rxc7 bxa3 23. bxa3 Bd8 24. Rd7 Bb5 25. Ra7 Bb6 26. Re7 Rfc8 27. Rb1 Bc5 28. Bg5 Bxe7 29. Bxe7 Bd3 30. Rxb8 Rxb8 31. h4 Rb1+ 32. Kh2 h5 33. Bf3 g6 34. Kg2 Re1 35. Bc5 Be4 36. Be3 Bxf3+ 37. Kxf3 Ra1 38. Bc5 Rc1 39. Bd6 Rc4 40. Ke3 Kg7 41. Kd3 Ra4 42. Ke3 f5 43. Kf3 Kf7 44. Ke3 Ke8 45. Kf3 Kd7 46. Ke3 Kc6 47. Kf3 Kd5 48. Ke3 Re4+ 49. Kf3 Kc4 50. Be7 Kb3 51. Bf8 Ra4 52. Be7 Re4 53. Bf8 Rxe5 54. Bd6 Re4 55. Kg2 e5 56. f3 Ra4 57. Bxe5 Rxa3 58. g4 fxg4 59. fxg4 Kc4 60. gxh5 gxh5 61. Bf6 Rb3 62. Kf2 a4 63. Ke2 a3 64. Kd2 a2 65. Kc2 Rf3 66. Bg7 Rb3 0-1


[Site "https://www.chess.com"]

[Event "Titled Tuesday Blitz April 11 Early 2023"]
[White "Lorenzo De La Riva, Lazaro"]
[Black "Itgelt, Khuyagtsogt"]
[WhiteFideId "2268809"]
[BlackFideId "4902912"]
[WhiteElo "2294"]
[BlackElo "2227"]
[Result "1/2-1/2"]
[Round "05"]
[TimeControl "180+2"]
[Date "2023.04.11"]
[WhiteClock "0:00:14"]
[BlackClock "0:00:10"]

1. c4 Nf6 2. Nf3 g6 3. g3 Bg7 4. Bg2 O-O 5. O-O Nc6 6. Nc3 d5 7. cxd5 Nxd5 8. d4 e5 9. Nxd5 e4 10. e3 Qxd5 11. Nd2 f5 12. Qb3 Be6 13. Qxd5 Bxd5 14. a3 a5 15. Re1 a4 16. Bf1 Na5 17. Rb1 Rfc8 18. Bb5 Nb3 19. Nxb3 Bxb3 20. Bd2 c6 21. Bf1 c5 22. dxc5 Rxc5 23. Rbc1 Rac8 24. Rxc5 Rxc5 25. Rc1 Rxc1 26. Bxc1 Kf7 27. Bb5 Ke6 28. Kf1 Kd6 29. Ke1 Kc5 30. Bd7 Kd6 31. Bb5 g5 32. Be2 g4 33. Bb5 h5 34. Be8 h4 35. gxh4 Be5 36. h5 Ke7 37. Bb5 Kf6 38. Bd7 Bxh2 39. h6 g3 40. fxg3 Bxg3+ 41. Kf1 Kg6 42. h7 Be5 43. Ke2 Bc4+ 44. Kf2 b5 45. Kg2 Be2 46. Kf2 Bc4 47. Kg2 Bh8 48. Kf2 Kg5 49. Kg2 Kg6 50. Kf2 Bd3 51. Kg2 Kxh7 52. Bxf5+ Kg7 53. Kf2 Kf6 54. Bg4 Ke5 55. Be2 Bxe2 56. Kxe2 Kd5 57. Kd2 Kc4 58. Kc2 Bf6 59. Bd2 Bg5 60. Bc1 Bh6 61. Bd2 Bf8 62. Bc1 Bc5 63. Bd2 Bd6 64. Bc1 b4 65. axb4 Bxb4 66. Bd2 Bc5 67. Bc1 Bb6 68. Bd2 Bc5 69. Bc1 Bb4 70. Bd2 Bxd2 71. Kxd2 Kb3 72. Kc1 a3 73. bxa3 Kxa3 74. Kc2 Kb4 75. Kb2 Kc4 76. Kc2 Kb4 77. Kb2 Kc4 78. Kc2 Kb4 1/2-1/2


[Site "https://www.chess.com"]

[Event "Titled Tuesday Blitz April 11 Early 2023"]
[White "Chernobay, Artem"]
[Black "Rom, Jasper"]
[WhiteFideId "4167406"]
[BlackFideId "2023733"]
[WhiteElo "2474"]
[BlackElo "2233"]
[Result "1-0"]
[Round "05"]
[TimeControl "180+2"]
[Date "2023.04.11"]
[WhiteClock "0:00:33"]
[BlackClock "0:00:01"]

1. e4 e6 2. d4 d5 3. e5 c5 4. c3 Nc6 5. Nf3 Bd7 6. a3 Nge7 7. Bd3 cxd4 8. O-O Nf5 9. b4 dxc3 10. Nxc3 g6 11. Bg5 Be7 12. Bxe7 Qxe7 13. Bxf5 gxf5 14. Nb5 O-O 15. Qd2 Kh8 16. Nbd4 Rg8 17. Rac1 Rac8 18. g3 a6 19. Rfe1 Na7 20. Qh6 Rg6 21. Qh5 Nc6 22. Nb3 b6 23. Rc3 f4 24. Rec1 fxg3 25. hxg3 f6 26. Nbd4 Na7 27. Rxc8+ Nxc8 28. exf6 Qxf6 29. Ne5 Be8 30. Rxc8 1-0


[Site "https://www.chess.com"]

[Event "Titled Tuesday Blitz April 11 Early 2023"]
[White "Souleidis, Georgios"]
[Black "Lopez, Henry"]
[WhiteFideId "4206827"]
[BlackFideId "5203830"]
[WhiteElo "2401"]
[BlackElo "2177"]
[Result "1-0"]
[Round "05"]
[TimeControl "180+2"]
[Date "2023.04.11"]
[WhiteClock "0:02:11"]
[BlackClock "0:01:38"]

1. e4 c5 2. Be2 Nc6 3. d3 g6 4. f4 Bg7 5. Nf3 e6 6. O-O Nge7 7. c3 d6 8. Be3 O-O 9. d4 cxd4 10. cxd4 d5 11. e5 Nf5 12. Bf2 h5 13. Qd2 Bd7 14. Nc3 Rc8 15. Rac1 Qa5 16. g3 Rfd8 17. h3 a6 18. g4 hxg4 19. hxg4 Nh6 20. Nh2 Na7 21. Be3 Kh7 22. Kg2 Nb5 23. Rh1 Nxc3 24. bxc3 Bb5 25. Bxb5 Qxb5 26. f5 exf5 27. Bxh6 1-0


[Site "https://www.chess.com"]

[Event "Titled Tuesday Blitz April 11 Early 2023"]
[White "Vovk, Orest"]
[Black "Belov, Alexei"]
[WhiteFideId "14113490"]
[BlackFideId "4128206"]
[WhiteElo "2215"]
[BlackElo "2639"]
[Result "1-0"]
[Round "05"]
[TimeControl "180+2"]
[Date "2023.04.11"]
[WhiteClock "0:00:03"]
[BlackClock "0:00:12"]

1. h4 d5 2. h5 e5 3. h6 Nxh6 4. d4 Nc6 5. Bxh6 gxh6 6. dxe5 Nxe5 7. Nf3 Nxf3+ 8. gxf3 Bg7 9. Nc3 c6 10. Qd3 Qb6 11. O-O-O Qxf2 12. e4 d4 13. e5 Bxe5 14. Kb1 Be6 15. Rxh6 O-O-O 16. Ne4 Qe3 17. Rh5 Qxd3 18. Bxd3 f6 19. Rdh1 Rdg8 20. b3 Rg7 21. f4 Bxf4 22. Nxf6 h6 23. Rf1 Bg5 24. Ne4 Bd5 25. Nd6+ Kc7 26. Nf5 Rf7 27. Rg1 c5 28. Rgxg5 hxg5 29. Rxh8 Be6 30. Ng3 Rf3 31. Ne4 b6 32. Rh7+ Kc6 33. Nxg5 Bf5 34. Rh6+ Kb7 35. Rf6 Rxd3 36. Rxf5 Rd1+ 37. Kb2 Rg1 38. Ne4 a5 39. Rf7+ Kc6 40. Rf2 Rg6 41. Nd2 b5 42. a3 Rg5 43. Nb1 Kd5 44. Rh2 c4 45. bxc4+ bxc4 46. Ka2 Kc5 47. Nd2 Kd5 48. Nf1 Rf5 49. Ng3 Rg5 50. Ne2 d3 51. Nc3+ Kd4 52. Kb2 Re5 53. Rh4+ Kc5 54. cxd3 cxd3 55. Rh2 Kc4 56. Rh4+ Kc5 57. Kc1 Re2 58. Nxe2 dxe2 59. Kd2 1-0


[Site "https://www.chess.com"]

[Event "Titled Tuesday Blitz April 11 Early 2023"]
[White "Mamedov, Edgar"]
[Black "Santos Flores, Alberto"]
[WhiteFideId "13739980"]
[BlackFideId "3601234"]
[WhiteElo "2330"]
[BlackElo "2235"]
[Result "1-0"]
[Round "05"]
[TimeControl "180+2"]
[Date "2023.04.11"]
[WhiteClock "0:00:05"]
[BlackClock "0:00:14"]

1. h3 d5 2. d4 Bf5 3. Nf3 Nf6 4. Bf4 c5 5. e3 Qb6 6. Nc3 Qxb2 7. Nb5 Na6 8. dxc5 Qxc2 9. Qxc2 Bxc2 10. Nfd4 Bg6 11. c6 bxc6 12. Nxc6 e6 13. Nbxa7 Nb4 14. Bb5 Bd3 15. Ne5+ Bxb5 16. Nxb5 Na6 17. Ke2 Be7 18. Nc6 Rc8 19. Nxe7 Kxe7 20. Rhc1 Kd7 21. a4 Ne4 22. f3 Nec5 23. Rcb1 f6 24. Bg3 e5 25. Be1 Ne6 26. Rd1 Nac7 27. Nxc7 Rxc7 28. Rxd5+ Kc6 29. Rd2 Ra8 30. Rc1+ Kb7 31. Rxc7+ Nxc7 32. Rd7 Rxa4 33. Rxg7 Ra2+ 34. Kd3 Kc6 35. Rxh7 Rxg2 36. Rh6 Nd5 37. Bh4 Kd7 38. Bxf6 Nxf6 39. Rxf6 Rg3 40. Ke4 Ke7 41. Kxe5 Rxh3 42. Rf4 Rh5+ 43. Rf5 Rh1 44. e4 Ra1 45. Kf4 Ra3 46. Rd5 Ke6 47. Rh5 Rb3 48. Rh6+ Ke7 49. Kg4 Rb4 50. Kf5 Rb5+ 51. e5 Rb4 52. f4 Ke8 53. Rh7 Ra4 54. e6 Rb4 55. Ke5 Ra4 56. f5 Rb4 57. Kf6 1-0


[Site "https://www.chess.com"]

[Event "Titled Tuesday Blitz April 11 Early 2023"]
[White "Danielyan, Vahe"]
[Black "Toncheva, Nadya"]
[WhiteFideId "13304828"]
[BlackFideId "2924056"]
[WhiteElo "2423"]
[BlackElo "2101"]
[Result "0-1"]
[Round "05"]
[TimeControl "180+2"]
[Date "2023.04.11"]
[WhiteClock "0:00:02"]
[BlackClock "0:00:09"]

1. d4 d5 2. c4 dxc4 3. Nf3 Nf6 4. e3 Bg4 5. Bxc4 e6 6. O-O a6 7. h3 Bh5 8. Nc3 Nc6 9. Be2 Bd6 10. e4 Bxf3 11. Bxf3 Nxd4 12. Be3 Nxf3+ 13. Qxf3 O-O 14. Rad1 Nd7 15. Qe2 Qe7 16. Kh1 Rfd8 17. f4 Bc5 18. Bc1 Nf8 19. Rde1 Bd4 20. e5 Ng6 21. Ne4 Rd7 22. Qh5 Qh4 23. Qf3 Rad8 24. Ng5 Ne7 25. g3 Qh6 26. g4 Bb6 27. f5 Rd3 28. Nxf7 Qh4 29. Bg5 Rxf3 30. Bxh4 Rxf1+ 31. Rxf1 Kxf7 32. f6 gxf6 33. Rxf6+ Ke8 34. Rxe6 Rd1+ 35. Kg2 Bc5 36. Rh6 Rd2+ 37. Kf1 Rxb2 38. Rxh7 Rxa2 39. Bf6 Kd7 40. g5 Rf2+ 41. Ke1 Rg2 42. h4 a5 43. h5 a4 44. g6 a3 45. Kf1 Rg1+ 46. Ke2 Ke6 47. Rh8 a2 48. Ra8 a1=Q 49. Rxa1 Rxa1 50. g7 Rg1 0-1


[Site "https://www.chess.com"]

[Event "Titled Tuesday Blitz April 11 Early 2023"]
[White "Erzhanov, Arman"]
[Black "Bodnaruk, Anastasia"]
[WhiteFideId "4138821"]
[BlackFideId "4181751"]
[WhiteElo "2138"]
[BlackElo "2310"]
[Result "0-1"]
[Round "05"]
[TimeControl "180+2"]
[Date "2023.04.11"]
[WhiteClock "0:00:14"]
[BlackClock "0:00:10"]

1. e4 c5 2. Nf3 d6 3. d4 cxd4 4. Qxd4 Nf6 5. Be2 Nc6 6. Qe3 g6 7. h3 Bg7 8. O-O O-O 9. Rd1 Nd7 10. c4 b6 11. Nc3 Bb7 12. b3 Rc8 13. Bb2 Nc5 14. Rac1 Kh8 15. Rc2 f5 16. exf5 gxf5 17. Nd5 e5 18. Qg5 Qxg5 19. Nxg5 Nd4 20. Bxd4 exd4 21. Nf4 Rce8 22. Bf3 Ne4 23. Nge6 Be5 24. Bh5 Rc8 25. Nxf8 Rxf8 26. Ne6 Rg8 27. Bf7 d3 28. Rxd3 Nc5 29. Bxg8 Nxd3 30. Bf7 Ne1 31. f3 Nxc2 32. Kf2 Nd4 33. f4 Nxe6 34. fxe5 Ng5 35. e6 Nxf7 36. e7 Bc6 37. Ke3 Kg7 38. Kd4 Kf6 39. b4 Kxe7 40. g3 Ne5 41. c5 bxc5+ 42. bxc5 Bg2 43. cxd6+ Kxd6 44. h4 Ng4 45. a4 Nf6 46. a5 Ne4 47. Ke3 Ke5 48. h5 Bh1 49. h6 Nxg3 50. a6 f4+ 51. Kf2 Ne4+ 52. Kg1 Bf3 53. Kf1 Bg4 54. Kg1 Kd4 55. Kh2 f3 56. Kg1 f2+ 57. Kf1 Bh3+ 58. Ke2 f1=Q# 0-1


[Site "https://www.chess.com"]

[Event "Titled Tuesday Blitz April 11 Early 2023"]
[White "Minko, Dmitry"]
[Black "Williams, Simon K"]
[WhiteFideId "24188468"]
[BlackFideId "404454"]
[WhiteElo "2147"]
[BlackElo "2468"]
[Result "0-1"]
[Round "05"]
[TimeControl "180+2"]
[Date "2023.04.11"]
[WhiteClock "0:00:11"]
[BlackClock "0:00:11"]

1. e4 c5 2. Nf3 d6 3. d4 cxd4 4. Nxd4 Nf6 5. Nc3 g6 6. Be3 a6 7. f3 Bg7 8. Qd2 h5 9. a4 Nc6 10. Be2 O-O 11. O-O d5 12. Nxc6 bxc6 13. e5 Ne8 14. f4 Rb8 15. a5 Bf5 16. Na4 Nc7 17. Bd3 d4 18. Bf2 f6 19. Bxf5 gxf5 20. Qxd4 fxe5 21. fxe5 Ne6 22. Qc3 Qd5 23. Rae1 Ng5 24. Nb6 Qe6 25. Qc4 Qxc4 26. Nxc4 Ne4 27. Bb6 Rb7 28. Rd1 Kh7 29. e6 Kg6 30. Rd7 Rfb8 31. Rfd1 Bf6 32. Rxb7 Rxb7 33. Rd7 Rb8 34. Ra7 f4 35. Rxa6 Kf5 36. Ra7 Rg8 37. Kf1 h4 38. Rd7 h3 39. gxh3 f3 40. a6 Rg2 41. a7 Rxh2 42. a8=Q Rh1+ 43. Bg1 f2 44. Qa5+ Kxe6 45. Rxe7+ Kxe7 46. Qa7+ Ke6 47. Qxf2 Nxf2 48. Kxf2 Rxh3 49. b3 Bd4+ 50. Kg2 Rh4 51. Bxd4 Rxd4 52. Kf2 Kd5 53. Ke3 Rh4 54. Kd3 Rh3+ 55. Kd2 Kd4 56. Nd6 Rh2+ 57. Kd1 Rh1+ 58. Kd2 Rh2+ 59. Kd1 Kc3 60. Ne4+ Kb2 61. Nd2 c5 62. Nc4+ Kc3 63. Ne3 Rh3 64. Ke2 Rxe3+ 65. Kxe3 Kxc2 66. Ke2 Kxb3 67. Kd2 Kb2 68. Kd3 Kb3 69. Kd2 c4 70. Kc1 Kc3 71. Kd1 Kb2 72. Kd2 c3+ 73. Kd3 c2 74. Ke2 c1=Q 75. Kf3 Kc3 76. Ke4 Qd2 77. Kf5 Kd4 78. Ke6 Qe3+ 79. Kf7 Qe5 80. Kg6 Ke4 81. Kf7 Qd6 82. Kg7 Kf5 83. Kf7 Qd7+ 84. Kg8 Kg6 0-1


[Site "https://www.chess.com"]

[Event "Titled Tuesday Blitz April 11 Early 2023"]
[White "Aggelis, Nikolaos"]
[Black "Domingo Nunez, Ruben"]
[WhiteFideId "4213220"]
[BlackFideId "22245570"]
[WhiteElo "2189"]
[BlackElo "2404"]
[Result "1/2-1/2"]
[Round "05"]
[TimeControl "180+2"]
[Date "2023.04.11"]
[WhiteClock "0:00:05"]
[BlackClock "0:00:17"]

1. d4 g6 2. Nf3 Bg7 3. g3 Nf6 4. Bg2 O-O 5. O-O d6 6. b3 Nbd7 7. Bb2 c5 8. c4 Rb8 9. Nc3 a6 10. a4 b6 11. Re1 Ne8 12. e4 Nc7 13. Nd5 b5 14. axb5 axb5 15. Qc2 bxc4 16. bxc4 Ne6 17. e5 cxd4 18. Bxd4 Nxe5 19. Bxe5 dxe5 20. Nxe5 Qd6 21. f4 Bb7 22. Rad1 Qc5+ 23. Kh1 Rfd8 24. Qe2 Nd4 25. Qe3 Bxd5 26. cxd5 Rxd5 27. Bxd5 Qxd5+ 28. Qe4 Qxe4+ 29. Rxe4 Nf5 30. Nc6 Re8 31. Rd8 Rxd8 32. Nxd8 e6 33. Nc6 h5 34. Kg2 Bf8 35. Ra4 Bc5 36. Kf3 Kg7 37. h3 h4 38. g4 Nd6 39. Ne5 Nb5 40. Ra5 Nd4+ 41. Ke4 Nb3 42. Rb5 f5+ 43. gxf5 exf5+ 44. Kd3 Nc1+ 45. Kd2 Ba3 46. Rb6 Kh7 47. Rxg6 Nb3+ 48. Ke3 Bc5+ 49. Kd3 Bf2 50. Rg5 Nd4 51. Kc4 Be3 52. Nd3 Ne6 53. Rxf5 Kg6 54. Re5 Nxf4 55. Rxe3 Ng2 56. Re4 Kf5 57. Rg4 Ne3+ 58. Kd4 Nxg4 59. hxg4+ Kxg4 60. Ke3 Kg3 61. Nf2 Kg2 62. Ke2 Kg3 63. Ke3 Kg2 64. Ke2 Kg1 65. Ke3 h3 66. Nxh3+ 1/2-1/2


[Site "https://www.chess.com"]

[Event "Titled Tuesday Blitz April 11 Early 2023"]
[White "Wadsworth, Matthew J"]
[Black "Petukhov, Dmitry"]
[WhiteFideId "415804"]
[BlackFideId "4142748"]
[WhiteElo "2330"]
[BlackElo "2311"]
[Result "0-1"]
[Round "05"]
[TimeControl "180+2"]
[Date "2023.04.11"]
[WhiteClock "0:00:06"]
[BlackClock "0:00:19"]

1. Nc3 Nf6 2. d4 d5 3. Bf4 c6 4. e3 Bf5 5. f3 h5 6. h4 e6 7. Bd3 Bxd3 8. Qxd3 Bd6 9. Nge2 Bxf4 10. Nxf4 Nbd7 11. O-O-O b5 12. Rdg1 b4 13. Nce2 a5 14. Kb1 a4 15. Nc1 a3 16. b3 c5 17. dxc5 Nxc5 18. Qb5+ Nfd7 19. Qxb4 g6 20. Ncd3 Qf6 21. Qd4 Rc8 22. Nxc5 Rxc5 23. Nd3 Rc3 24. g4 Qxd4 25. exd4 Ke7 26. Rh2 Nf6 27. g5 Ne8 28. Ne5 Nd6 29. Rd1 Rhc8 30. Rd3 Rxd3 31. Nxd3 Nf5 32. Ne5 Nxd4 33. Rd2 Nf5 34. c4 Nxh4 35. cxd5 exd5 36. Rxd5 Rc3 37. f4 Ke6 38. Ra5 Nf3 39. Rxa3 Nxe5 40. fxe5 h4 41. Ra8 Kxe5 42. Rh8 h3 43. Kb2 Rg3 44. a4 Rxg5 45. Ka3 Rh5 46. Re8+ Kf4 47. b4 h2 48. Re1 h1=Q 49. Rxh1 Rxh1 50. b5 Rb1 0-1


[Site "https://www.chess.com"]

[Event "Titled Tuesday Blitz April 11 Early 2023"]
[White "Vlassov, Nikolai"]
[Black "Chernomordik, Pavel"]
[WhiteFideId "4103360"]
[BlackFideId "2804530"]
[WhiteElo "2324"]
[BlackElo "2193"]
[Result "1-0"]
[Round "05"]
[TimeControl "180+2"]
[Date "2023.04.11"]
[WhiteClock "0:00:21"]
[BlackClock "0:00:02"]

1. e4 g6 2. Nc3 Bg7 3. h4 h6 4. d4 d6 5. h5 g5 6. f4 gxf4 7. Bxf4 Nc6 8. Nf3 Bg4 9. d5 Nd4 10. Qd3 c5 11. O-O-O a6 12. Re1 Qa5 13. Kb1 O-O-O 14. Bd2 Qb6 15. Nh4 Nf6 16. Na4 Qc7 17. c3 Nb5 18. Nf5 Bxf5 19. exf5 Rhg8 20. Be2 Kb8 21. g4 Nd7 22. Bd1 Ne5 23. Qf1 Na7 24. b3 b5 25. Nb2 Bf8 26. Rg1 Nc8 27. Nd3 Nd7 28. g5 hxg5 29. Bxg5 Ndb6 30. Bf3 c4 31. Nb4 Ka7 32. Nc6+ Ka8 33. Nxd8 Qxd8 34. Be3 Rxg1 35. Qxg1 cxb3 36. axb3 Qc7 37. Kb2 Nd7 38. h6 Ne5 39. Be2 1-0


[Site "https://www.chess.com"]

[Event "Titled Tuesday Blitz April 11 Early 2023"]
[White "Maxfan2008"]
[Black "Gabdrakhmanov, Azat"]
[BlackFideId "34189197"]
[WhiteElo "2468"]
[BlackElo "2306"]
[Result "1-0"]
[Round "05"]
[TimeControl "180+2"]
[Date "2023.04.11"]
[WhiteClock "0:00:18"]
[BlackClock "0:00:03"]

1. d4 Nf6 2. c4 g6 3. Nf3 Bg7 4. g3 O-O 5. Bg2 d6 6. O-O c5 7. dxc5 dxc5 8. Ne5 Nfd7 9. Nd3 Nc6 10. Nc3 Nce5 11. Nxe5 Nxe5 12. Qb3 Nc6 13. Rd1 Nd4 14. Qa3 Nxe2+ 15. Kh1 Nd4 16. Qxc5 Bg4 17. f3 Rc8 18. Qxa7 Bf5 19. Be3 e5 20. f4 Qe8 21. fxe5 Nc2 22. Bc5 Nxa1 23. Bxf8 Bxf8 24. Rxa1 Qxe5 25. Qxb7 Rxc4 26. a4 Rb4 27. Qd5 Qb8 28. a5 Rxb2 29. a6 Qa7 30. Nb5 Qf2 31. Qf3 Qc2 32. a7 Ra2 33. Rxa2 Qxa2 34. a8=Q Qb1+ 35. Qf1 1-0


[Site "https://www.chess.com"]

[Event "Titled Tuesday Blitz April 11 Early 2023"]
[White "Rios Escobar, Adan"]
[Black "Ozates, Tuna"]
[WhiteFideId "3403645"]
[BlackFideId "6354521"]
[WhiteElo "2467"]
[BlackElo "2151"]
[Result "0-1"]
[Round "05"]
[TimeControl "180+2"]
[Date "2023.04.11"]
[WhiteClock "0:00:01"]
[BlackClock "0:00:06"]

1. d4 Nf6 2. g3 d5 3. Nf3 e6 4. Bg2 b5 5. O-O Be7 6. a4 b4 7. c4 bxc3 8. Nxc3 O-O 9. Bf4 c5 10. Nb5 Na6 11. Rc1 Bb7 12. dxc5 Nxc5 13. Bc7 Qe8 14. Ba5 Rc8 15. Nxa7 Ra8 16. Bb6 Nxa4 17. Be3 Ba6 18. Nc6 Bd6 19. Qxa4 Bxe2 20. Qh4 Bxf1 21. Bxf1 Rc8 22. Bb5 e5 23. Bg5 Qe6 24. Re1 Ne4 25. Rxe4 dxe4 26. Qxe4 h6 27. Be3 Kh8 28. Nh4 f5 29. Qd3 g5 30. Nf3 e4 31. Qd4+ Kh7 32. Nd2 f4 33. Nxe4 fxe3 34. Nxd6 exf2+ 35. Kg2 Rxc6 36. Bd3+ Kg8 37. Bc4 Rxc4 38. Qxc4 Qxc4 39. Nxc4 f1=Q# 0-1


[Site "https://www.chess.com"]

[Event "Titled Tuesday Blitz April 11 Early 2023"]
[White "Yosha_Iglesias"]
[Black "KRUMMEL2008"]
[WhiteElo "2458"]
[BlackElo "2600"]
[Result "1-0"]
[Round "05"]
[TimeControl "180+2"]
[Date "2023.04.11"]
[WhiteClock "0:00:19"]
[BlackClock "0:00:18"]

1. d4 Nf6 2. Nf3 g6 3. Bf4 Bg7 4. c3 O-O 5. Nbd2 d6 6. e4 Nbd7 7. Be2 b6 8. O-O Bb7 9. Qc2 e5 10. dxe5 dxe5 11. Bg5 h6 12. Bh4 Qe8 13. b4 Nh5 14. Rfe1 Kh8 15. Rad1 Nf4 16. Bf1 Nf6 17. Nc4 N6h5 18. Rd2 Qe6 19. Ne3 f5 20. Bc4 Qc8 21. Nd5 Nxd5 22. Bxd5 g5 23. Bxg5 hxg5 24. Bxb7 Qxb7 25. Nxg5 fxe4 26. Rxe4 Nf4 27. Rxf4 e4 28. Rh4+ Kg8 29. Qb3+ 1-0


[Site "https://www.chess.com"]

[Event "Titled Tuesday Blitz April 11 Early 2023"]
[White "Ambartsumova, Karina"]
[Black "Chernov, Mikhail"]
[WhiteFideId "4166299"]
[BlackFideId "24143170"]
[WhiteElo "2240"]
[BlackElo "2113"]
[Result "1/2-1/2"]
[Round "05"]
[TimeControl "180+2"]
[Date "2023.04.11"]
[WhiteClock "0:00:04"]
[BlackClock "0:00:05"]

1. e4 c5 2. Nf3 Nc6 3. d4 cxd4 4. Nxd4 Nf6 5. Nc3 d6 6. Bg5 e6 7. Nb3 a6 8. Qf3 Be7 9. Be2 Qc7 10. Qg3 b5 11. f3 O-O 12. Bh6 Ne8 13. O-O Bb7 14. Rad1 Ne5 15. a3 Bf6 16. Bg5 Rc8 17. Nd4 Nc4 18. Bxc4 Qxc4 19. Bxf6 Nxf6 20. Qxd6 Rfd8 21. Qb6 Rb8 22. Nb3 Nd7 23. Qe3 b4 24. Rd4 Qc7 25. axb4 Bc6 26. Na5 Bb5 27. Rfd1 Nb6 28. Rxd8+ Rxd8 29. Qc5 Rxd1+ 30. Nxd1 Qd8 31. Ne3 h5 32. h3 Qd2 33. Nb3 Qe1+ 34. Kh2 h4 35. Qxb6 Qg3+ 36. Kg1 Qe1+ 37. Kh2 Qg3+ 38. Kg1 Qe1+ 39. Kh2 1/2-1/2


[Site "https://www.chess.com"]